 Dungeon Crawl Stone Soup version 0.29.1-1-gd02db6906a (webtiles) character file.

Game seed: 5574880941098031855

1633 FastidiousMonk the Fighter (level 8, -2/62 HPs)
             Began as a Gargoyle Berserker on Oct 6, 2022.
             Was a Priest of Trog.
             Slain by an orc warrior
             ... wielding a +0 halberd
              (11 damage)
             ... on level 6 of the Dungeon.
             The game lasted 00:27:29 (7311 turns).

FastidiousMonk the Fighter (Gargoyle Berserker)     Turns: 7311, Time: 00:27:29

Health: -2/62      AC: 13    Str: 23    XL:     8   Next: 98%
Magic:  8/8        EV: 15    Int:  8    God:    Trog [***...]
Gold:   310        SH:  0    Dex:  9    Spells: 7/7 levels left

rFire   . . .      SeeInvis .   C - +4 hand axe
rCold   . . .      Faith    .   (no shield)
rNeg    + . .      Spirit   .   j - +0 ring mail
rPois   ∞          Reflect  .   (no helmet)
rElec   +          Harm     .   k - +0 cloak
rCorr   +          Rampage  .   (no gloves)
Will    ++...                   g - +0 pair of boots
Stlth   ..........              (no amulet)
HPRegen 1.20/turn               x - +4 ring of evasion
MPRegen 0.11/turn               e - ring of resist corrosion

@: strong-willed, on berserk cooldown, regenerating
A: sickness immunity, AC +5, negative energy resistance 1, electricity
resistance, torment resistance 1, petrification resistance
a: Renounce Religion, Berserk, Trog's Hand


You were on level 6 of the Dungeon.
You worshipped Trog.
Trog was most pleased with you.
You visited 1 branch of the dungeon, and saw 6 of its levels.

You collected 310 gold pieces.

Inventory:

Hand Weapons
 C - a +4 hand axe (weapon)
Missiles
 b - 6 boomerangs (quivered)
 d - 39 stones
 G - 2 javelins
Armour
 g - a +0 pair of boots (worn)
 j - a +0 ring mail (worn)
 k - a +0 cloak (worn)
Jewellery
 e - a ring of resist corrosion (right hand)
 x - a +4 ring of evasion (left hand)
Wands
 a - a wand of acid (7)
 t - a wand of paralysis (4)
 v - a wand of flame (2)
 z - a wand of roots (10)
Scrolls
 c - 2 scrolls of magic mapping {unknown}
 f - a scroll of immolation
 m - 3 scrolls of enchant weapon {unknown}
 p - a scroll of fear {unknown}
 q - a scroll of vulnerability {unknown}
 r - 3 scrolls of teleportation {unknown}
 u - a scroll of enchant armour {unknown}
 w - a scroll of amnesia {unknown}
 y - 2 scrolls of blinking {unknown}
 A - 2 scrolls of silence {unknown}
 D - a scroll of brand weapon {unknown}
Potions
 h - 2 potions of haste {unknown}
 i - 2 potions of mutation
 l - 2 potions of ambrosia
 n - 2 potions of degeneration {unknown}
 o - a potion of invisibility {unknown}
 s - 2 potions of cancellation
 B - 2 potions of lignification {unknown}
 E - 2 potions of curing {unknown}
 F - a potion of might {unknown}


   Skills:
 + Level 12.4 Fighting
 - Level 2.6 Axes
 - Level 2.1 Armour
 - Level 1.5 Dodging


You had 7 spell levels left.
You didn't know any spells.
Your spell library contained the following spells:

 Spells                   Type           Power      Damage    Failure   Level
 Anguish                  Hex/Necr       0%         N/A       100%        4
 Enfeeble                 Hex            0%         N/A       100%        7


Dungeon Overview and Level Annotations

Branches:
Dungeon (6/15)             Temple (0/1) D:6

Altars:
Okawaru
Trog
Vehumet
Wu Jian
Xom
The Shining One


Innate Abilities, Weirdness & Mutations

You are immune to sickness and miasma.
Your stone body is resilient. (AC +5)
You are immune to poison.
You resist negative energy. (rN+)
You are resistant to electric shocks. (rElec)
You are resistant to unholy torment.
You are immune to petrification.


Message History

The orc warrior barely misses you.
You barely miss the orc warrior.
The orc warrior is moderately wounded.
The orc warrior completely misses you.
The orc warrior hits you but does no damage.
You hit the orc warrior.
The orc warrior is moderately wounded.
The orc warrior hits you with a +0 halberd.
The orc warrior barely misses you.
You barely miss the orc warrior.
The orc warrior is moderately wounded.
The orc warrior hits you but does no damage. x2
You hit the orc warrior but do no damage.
The orc warrior is moderately wounded.
The orc warrior completely misses you.
You hit the orc warrior.
The orc warrior is moderately wounded.
The orc warrior closely misses you. The orc warrior misses you.
You closely miss the orc warrior.
The orc warrior is moderately wounded.
The orc warrior hits you with a +0 halberd.
The orc warrior misses you.
You hit the orc warrior but do no damage.
The orc warrior is moderately wounded.
The orc warrior closely misses you.
The orc warrior hits you with a +0 halberd!
* * * LOW HITPOINT WARNING * * *
Your skin crawls.
You feel strong-willed.
The orc warrior hits you with a +0 halberd.
* * * LOW HITPOINT WARNING * * *
You slash the orc warrior!
The orc warrior is heavily wounded.
You feel yourself speed up. The orc warrior completely misses you.
The orc warrior hits you but does no damage.
You hit the orc warrior.
The orc warrior is heavily wounded.
The orc warrior hits you with a +0 halberd!
You die...

##### #......# #....
#.)....#
#.....#...####
#.....#...#
###.........##
..#....##.#..# ..####
#.##.### ..#
#.##...####
..#######.####..@)#
###.....#.# ####o#
###.##.##.# #)#
..#>#.....# #)))#
#.#.####### #8...8#
#.#.###########.....#
#.#..........#.......
#.#..........#.8...8!#
#.#..........#.......#


You could see an orc warrior.

Vanquished Creatures
  An ice beast (D:6)
  An orc warrior (D:6)
  An ogre (D:4)
  2 phantoms (D:5)
  A bullfrog (D:6)
  A necrophage (D:6)
  2 scorpions
  4 wights (D:6)
  3 hounds
  A jelly (D:5)
  4 orc priests
  Jessica (D:2)
  3 iguanas
  Ijyb (D:3)
  3 orc wizards (D:6)
  8 gnolls (D:6)
  9 adders
  A shadow imp (D:5)
  A worm (D:2)
  3 dart slugs
  24 orcs
  8 endoplasms
  2 giant cockroaches
  10 goblins
  7 hobgoblins
  8 jackals
  3 quokkas
  5 ball pythons
  11 bats
  4 frilled lizards
  5 kobolds
  8 rats
146 creatures vanquished.

Notes
Turn   | Place    | Note
-------+----------+-------------------------------------------
     0 | D:1      | FastidiousMonk the Gargoyle Berserker began the quest for
                  | the Orb.
     0 | D:1      | Reached XP level 1. HP: 14/14 MP: 1/1
    66 | D:1      | Reached XP level 2. HP: 6/20 MP: 2/2
    70 | D:1      | Reached skill level 4 in Fighting
   652 | D:1      | Reached XP level 3. HP: 24/24 MP: 3/3
  1258 | D:2      | Reached ** piety under Trog
  1338 | D:2      | Reached skill level 5 in Fighting
  1566 | D:2      | Reached XP level 4. HP: 25/31 MP: 4/4
  1669 | D:2      | Found a faded altar of an unknown god.
  1876 | D:2      | Noticed Jessica
  1884 | D:2      | Killed Jessica
  1885 | D:2      | Reached skill level 6 in Fighting
  2197 | D:3      | Noticed Ijyb
  2214 | D:3      | Reached XP level 5. HP: 36/36 MP: 5/5
  2219 | D:3      | Killed Ijyb
  2334 | D:3      | Reached skill level 7 in Fighting
  2386 | D:3      | Found a hide-covered altar of Uskayaw.
  2388 | D:3      | Found a sacrificial altar of Ru.
  2388 | D:3      | Found an iron altar of Okawaru.
  2390 | D:3      | Found a shimmering altar of Xom.
  2390 | D:3      | Found a radiant altar of Vehumet.
  2390 | D:3      | Found an ornate altar of the Wu Jian Council.
  2426 | D:3      | Reached XP level 6. HP: 15/44 MP: 6/6
  3229 | D:4      | Reached skill level 8 in Fighting
  3362 | D:4      | Reached XP level 7. HP: 50/50 MP: 7/7
  4070 | D:5      | Entered Level 5 of the Dungeon
  4087 | D:5      | Reached skill level 9 in Fighting
  4765 | D:5      | Reached skill level 10 in Fighting
  4788 | D:5      | Reached *** piety under Trog
  4789 | D:5      | Reached XP level 8. HP: 57/57 MP: 8/8
  4852 | D:5      | Found a glowing golden altar of the Shining One.
  4858 | D:5      | Found a bloodstained altar of Trog.
  6351 | D:6      | Found a staircase to the Ecumenical Temple.
  6622 | D:6      | Reached skill level 11 in Fighting
  7069 | D:6      | Found a runed translucent door.
  7286 | D:6      | Reached skill level 12 in Fighting
  7311 | D:6      | Slain by an orc warrior

Illustrated notes

Levels and vault maps discovered:
D:1:      dpeg_arrival_castle, layout_basic, hex_tiny
D:2:      layout_rooms, ebering_ecumenical_altar_webs, grunt_ministairs_1,
          uniq_jessica
D:3:      layout_loops_cross, doesnt_xom_only_xom, uniq_ijyb
D:4:      minmay_octagon_keep, layout_rooms
D:5:      layout_cave_pods, mainiacjoe_overflow_big_doors, lemuel_flame_loot_1
D:6:      layout_basic, minmay_temple_entry_large_hall, lightli_church_of_beogh

Skill      XL: |  1  2  3  4  5  6  7  8 |
---------------+-------------------------+-----
Fighting       | 4 5 6 7 8 10 12 | 12.4
Axes           | |  2.6
Armour         | |  2.1
Dodging        | |  1.5

Action                   |  1- 3 |  4- 6 |  7- 9 || total
-------------------------+-------+-------+-------++-------
Melee: Hand axe          |   129 |   177 |   219 ||   525
       Punch             |     2 |     1 |     2 ||     5
       Mace              |       |       |     2 ||     2
Throw: Boomerang         |       |       |     8 ||     8
Invok: Berserk           |     2 |     6 |     6 ||    14
       Trog's Hand       |       |     2 |     1 ||     3
  Use: Scroll            |     1 |     3 |       ||     4
Armor: Animal skin       |    32 |       |       ||    32
       Ring mail         |    36 |    73 |    77 ||   186
Dodge: Dodged            |    86 |   134 |   164 ||   384
